 Dungeon Crawl Stone Soup version 0.30-a0-585-g93115170b9 (webtiles) character file.

Game seed: 1358479029678859000

126 Newt the Trooper (level 4, -1/37 HPs)
             Began as a Demonspawn Gladiator on Jan 2, 2023.
             Slain by a sky beast (5 damage)
             ... on level 4 of the Dungeon.
             The game lasted 00:02:11 (2644 turns).

Newt the Trooper (Demonspawn Gladiator)             Turns: 2644, Time: 00:02:12

Health: -1/37      AC:  8    Str: 16    XL:     4   Next: 83%
Magic:  4/4        EV:  7    Int: 10    God:
Gold:   147        SH:  4    Dex: 14    Spells: 3/3 levels left

rFire   . . .      SeeInvis .    p - +0 broad axe
rCold   . . .      Faith    .    (no shield)
rNeg    . . .      Spirit   .    j - +0 chain mail
rPois   .          Reflect  .    (helmet restricted)
rElec   .          Harm     .    (no cloak)
rCorr   .          Rampage  .    (no gloves)
Will    .....                    (no boots) Stlth
                                 (no amulet)
HPRegen 0.26/turn                (no ring)
MPRegen 0.09/turn                (no ring)

@: no status effects
A: horns 2, condensation shield
a: no special abilities


You were on level 4 of the Dungeon.
You visited 1 branch of the dungeon, and saw 4 of its levels.

You collected 175 gold pieces.
You spent 28 gold pieces at shops.

Inventory:

Hand Weapons
 a - a +0 rapier
 p - a +0 broad axe (weapon)
Missiles
 d - 3 throwing nets (quivered)
 e - 6 javelins
Armour
 b - a +0 leather armour
 c - a +1 helmet
 j - a +0 chain mail (worn)
Scrolls
 f - a scroll of blinking
 h - 3 scrolls of enchant armour
 o - 2 scrolls of teleportation
 r - a scroll of enchant weapon {unknown}
Potions
 g - a potion of might
 i - a potion of heal wounds
 k - a potion of berserk rage {unknown}
 l - a potion of ambrosia {unknown}
 m - 2 potions of curing {unknown}
 n - a potion of mutation {unknown}
 q - a potion of invisibility {unknown}


   Skills:
 - Level 4.0 Fighting
 - Level 2.6 Short Blades
 + Level 1.7 Axes
 - Level 1.7 Throwing
 - Level 2.6 Dodging
 - Level 2.0 Stealth


You had 3 spell levels left.
You didn't know any spells.
Your spell library contained the following spells:

 Spells                   Type           Power      Damage    Failure   Level
 Magic Dart               Conj           0%         1d3       100%        1
 Necrotise                Necr           0%         1d4       100%        1
 Call Imp                 Summ           0%         N/A       100%        2
 Mephitic Cloud           Conj/Pois/Air  0%         N/A       100%        3
 Vampiric Draining        Necr           0%         2d6       100%        3
 Summon Lightning Spire   Summ/Air       0%         N/A       100%        4
 Agony                    Necr           0%         N/A       100%        5
 Storm Form               Tmut/Air       0%         N/A       100%        7
 Maxwell's Capacitive Co  Air            0%         ∞         100%        8


Dungeon Overview and Level Annotations

Branches:
Dungeon (4/15)
 Temple: D:4-7

Altars:

Shops:
D:1 ?


Innate Abilities, Weirdness & Mutations

You have a pair of horns on your head.
A meltable shield of frost defends you. (SH +4)


Message History

There is a stone staircase leading down here.
You hit the jackal. You headbutt the jackal.
You kill the jackal!
You start resting.
HP restored.
You climb downwards.
The sky beast hits you. The sky beast shocks you.
There is a stone staircase leading up, spattered with blood here.
You barely miss the sky beast. Your headbutt misses the sky beast.
The sky beast hits you. The sky beast shocks you.
The sky beast barely misses you.
You barely miss the sky beast.
The sky beast hits you but does no damage.
You slash the sky beast! Your headbutt misses the sky beast.
The sky beast is moderately wounded.
The sky beast hits you. The sky beast shocks you.
The sky beast flickers out of sight!
Deactivating autopickup; reactivate with Ctrl-A.
Something hits you but does no damage.
You closely miss something. Something hits you. Something shocks you.
* * * LOW HITPOINT WARNING * * *
Something hits you but does no damage. Something hits you but does no damage.
You block something's attack.
A sky beast appears from thin air!
Reactivating autopickup.
The sky beast attacks as you move away!
The sky beast hits you but does no damage.
You hit the sky beast. You headbutt the sky beast!
The sky beast is severely wounded.
The sky beast hits you but does no damage. x2
You slash the sky beast! Your headbutt misses the sky beast.
The sky beast is almost dead.
The sky beast hits you. The sky beast shocks you.
* * * LOW HITPOINT WARNING * * *
You barely miss the sky beast. Your headbutt misses the sky beast.
The sky beast is almost dead.
The sky beast hits you.
* * * LOW HITPOINT WARNING * * *
The sky beast shocks you.
You die...

#...........#
#...........#
######...........#
.....)###'###########
......).)............
......#######...#####
#.....# #######
#.......# #)....#
#.......# #.....#
#...@Y..## .....
#........### ..).####
#..........# #.##....
#.......##.###..+...<
#.......##......#....
#.......#####........
#.......# #.####..#
######### #.# #...
#.# #.#.


You could see a sky beast.

Vanquished Creatures
  A hound (D:4)
  3 adders
  2 ufetubi
  A dart slug (D:3)
  3 orcs
  5 ball pythons
  An endoplasm (D:2)
  3 giant cockroaches
  5 goblins
  6 hobgoblins
  A jackal (D:3)
  A quokka (D:3)
  5 bats
  3 frilled lizards
  9 kobolds
  4 rats (D:1)
53 creatures vanquished.

Notes
Turn   | Place    | Note
-------+----------+-------------------------------------------
     0 | D:1      | Newt the Demonspawn Gladiator began the quest for the Orb.
     0 | D:1      | Reached XP level 1. HP: 16/16 MP: 1/1
    40 | D:1      | Reached skill level 1 in Stealth
   130 | D:1      | Gained mutation: A meltable shield of frost defends you.
                  | (SH +4) [demonic ancestry]
   130 | D:1      | Reached XP level 2. HP: 22/22 MP: 2/2
   478 | D:1      | Found The Oracle's Delphic Readings.
   482 | D:1      | Bought a scroll of identify for 28 gold pieces
   644 | D:2      | Gained mutation: You have a pair of small horns on your
                  | head. [demonic ancestry]
   644 | D:2      | Reached XP level 3. HP: 28/28 MP: 3/3
   899 | D:2      | Reached skill level 3 in Fighting
  1713 | D:3      | Gained mutation: You have a pair of horns on your head.
                  | [demonic ancestry]
  1713 | D:3      | Reached XP level 4. HP: 37/37 MP: 4/4
  2254 | D:4      | Reached skill level 4 in Fighting
  2254 | D:4      | Reached skill level 1 in Axes
  2584 | D:4      | Noticed a sky beast
  2644 | D:4      | Slain by a sky beast

Illustrated notes

Levels and vault maps discovered:
D:1:      dpeg_arrival_windows_large_door, layout_rooms,
          nicolae_nh_oracle_at_delphi
D:2:      layout_loops_cross
D:3:      layout_loops_corners
D:4:      layout_basic

Skill      XL: |  1  2  3  4 |
---------------+-------------+-----
Stealth        | 1 2 |  2.0
Fighting       | 3 4 |  4.0
Axes           | 1 |  1.7
Short Blades   | |  2.6
Throwing       | |  1.7
Dodging        | |  2.6

Action                   |  1- 3 |  4- 6 || total
-------------------------+-------+-------++-------
Melee: Rapier            |   138 |    11 ||   149
       Headbutt          |     6 |     5 ||    11
       Broad axe         |       |    26 ||    26
  Use: Scroll            |     6 |       ||     6
 Stab: Sleeping          |     1 |       ||     1
Armor: Leather armour    |    16 |       ||    16
       Chain mail        |    33 |    28 ||    61
Dodge: Dodged            |    59 |     9 ||    68
Block: Other             |    18 |     5 ||    23

Table legend: (Time is in decaauts)
 A = Elapsed time spent in this place.
 B = Non-inter-level travel time spent in this place.
 C = Inter-level travel time spent in this place.
 D = Time resting spent in this place.
 E = Time spent auto-exploring this place.
 F = Levels seen in this place.
 G = Mean time per level.
                   A        B        C        D        E       F      G
               +--------+--------+--------+--------+--------+-----+--------+
         Total |   2668 |   2552 |    116 |     22 |   2106 |   4 |  667.0 |
       Dungeon |   2668 |   2552 |    116 |     22 |   2106 |   4 |  667.0 |
               +--------+--------+--------+--------+--------+-----+--------+

Top non-repeatable levels by time:
     D:3: 914 daAuts
     D:2: 736 daAuts
     D:1: 601 daAuts
     D:4: 417 daAuts
